AoeStats
← theanswer5

Arabian Desert

509741613Analyzed
1v1 RM · 5d ago on Sep 27, 2026· 67m 21s· 2 players
Game mode
Random Map
Map size
Tiny (2 player)
Population
200
Speed
Normal
Resources
Standard
Victory
Conquest
Starting age
Dark Age
Ending age
Imperial Age
RankedLock teamsTeams togetherTeam positionsShared explorationLock speedFull tech treeHidden civsTurbo modeCheats
Victory
Defeat
🇦🇷 Huns · Argentina
1510
+19
🇹🇷 Magyars · Türkiye
1587
-19
The beast
8:47 Feudal Age
7:20 Loom
9:19 Double-Bit Axe
10:50 Horse Collar
15:53 Fletching
16:38 Scale Mail Armor
22:21 Castle Age
21:23 Scale Barding Armor
22:24 Bloodlines
23:26 Bow Saw
23:27 Husbandry
24:32 Chain Barding Armor
25:10 Forging
43:28 Town Watch
47:59 Bodkin Arrow
52:40 Imperial Age
52:28 Wheelbarrow
54:06 Plate Barding Armor
53:27 Light Cavalry
53:34 Cavalier
59:49 Iron Casting
59:42 Paladin
61:29 Conscription
62:22 Blast Furnace
62:16 Heavy Plow
theanswer5
6:16 Loom
10:04 Feudal Age
10:43 Double-Bit Axe
13:44 Scale Barding Armor
20:15 Fletching
25:00 Castle Age
23:32 Padded Archer Armor
23:27 Horse Collar
23:45 Gold Mining
25:05 Bloodlines
25:11 Crossbowman
25:49 Bodkin Arrow
26:48 Wheelbarrow
28:58 Bow Saw
39:27 Leather Archer Armor
40:17 Ballistics
45:03 Hand Cart
47:11 Stone Mining
54:45 Imperial Age
51:39 Pikeman
52:21 Scale Mail Armor
53:50 Chain Mail Armor
55:06 Thumb Ring
55:34 Bracer
56:16 Parthian Tactics
56:35 Conscription
57:36 Chemistry
60:02 Heavy Plow
60:03 Halberdier
62:52 Ring Archer Armor
Connection lost

Rejoining the realm…

Still unreachable

The connection could not be restored.

Session expired

The server has moved on; the page needs a fresh start.